 Dungeon Crawl Stone Soup version 0.18-a0-1799-g6250cb2 (webtiles) character file.

664415 Murumi the Formicid Arbalest (level 27, -22/224 HPs)
             Began as a Formicid Fighter on Apr 23, 2016.
             Was the Champion of the Shining One.
             Killed from afar by a storm dragon (31 damage)
             ... with a bolt of lightning
             ... on level 4 of the Realm of Zot.
             The game lasted 07:48:12 (87326 turns).

Murumi the Formicid Arbalest (Formicid Fighter)    Turns: 87326, Time: 07:48:14

Health: -22/224    AC: 43    Str: 31    XL:     27
Magic:  44/47      EV:  7    Int: 14    God:    the Shining One [******]
Gold:   4452       SH: 45    Dex: 14    Spells: 0 memorised, 26 levels left

rFire  + . .     SeeInvis +     e - +6 great sword of Fedhas's Hatred {freeze, MR+}
rCold  + . .     Gourm    .     o - +11 gold dragon armour
rNeg   + + +     Faith    .     D - +2 large shield
rPois  +         Spirit   .     (helmet unavailable)
rElec  .         Dismiss  .     E - +1 cloak of Dogma {MR+ MP+9}
rCorr  .         Reflect  +     W - +3 pair of gauntlets of War {Slay+5}
SustAt .         Harm     .     K - +0 pair of boots
MR     ++++.                    c - +4 amulet of reflection
Stlth  ..........               R - ring of flight
                                t - ring "Jyvukopn" {Str+3 Dex+4 Slay+3 SInv}

@: divine shield, glowing, incredibly resistant to hostile enchantments,
extremely unstealthy
A: permanent stasis, dig shafts and tunnels, four strong arms, antennae 3,
regeneration 1, subdued magic 1
a: Dig, Shaft Self, Divine Shield, Cleansing Flame, Summon Divine Warrior, Brand
Weapon With Holy Wrath, Renounce Religion, Evoke Flight
}: 3/15 runes: barnacled, silver, gossamer


You were on level 4 of the Realm of Zot.
You worshipped the Shining One.
The Shining One was exalted by your worship.
You were near starving.

You visited 12 branches of the dungeon, and saw 58 of its levels.
You visited 1 bazaar.
You also visited: Trove and Bailey.

You collected 8183 gold pieces.
You spent 3731 gold pieces at shops.

Inventory:

Hand Weapons
 e - the +6 great sword of Fedhas's Hatred (weapon) {freeze, MR+}
   (You found it on level 7 of the Lair of Beasts)

   It has been specially enchanted to freeze those struck by it, causing extra
   injury to most foes and up to half again as much damage against particularly
   susceptible opponents.
   It can also slow down cold-blooded creatures.
   It affects your resistance to hostile enchantments.
 f - a +9 triple crossbow of freezing
Missiles
 g - 2331 bolts
Armour
 o - a +11 gold dragon armour (worn)
 D - a +2 large shield (worn)
 E - the +1 cloak of Dogma (worn) {MR+ MP+9}
   (You found it on level 6 of the Lair of Beasts)

   It affects your resistance to hostile enchantments.
   It affects your magic capacity (+9).
 K - a +0 pair of boots (worn)
 W - the +3 pair of gauntlets of War (worn) {Slay+5}
   (You found it on level 4 of the Shoals)

   It affects your accuracy and damage with ranged weapons and melee attacks
   (+5).
Jewellery
 c - a +4 amulet of reflection (around neck)
 i - an uncursed ring of poison resistance
 k - an uncursed ring of resist corrosion
 p - an uncursed ring of protection from fire
 t - the ring "Jyvukopn" (left hand) {Str+3 Dex+4 Slay+3 SInv}
   (You took it off a merfolk impaler on level 4 of the Shoals)

   [ring of strength]

   It affects your strength (+3).
   It affects your dexterity (+4).
   It affects your accuracy and damage with ranged weapons and melee attacks
   (+3).
   It lets you see invisible.
 B - the ring "Gofau" {AC+3 Dex+10}
   (You bought it in a shop on level 2 of the Orcish Mines)

   [ring of protection]

   It affects your AC (+3).
   It affects your dexterity (+10).
 F - the ring "Niselaism" {rC+ rN+ Str+2}
   (You bought it in a shop on level 2 of the Orcish Mines)

   [ring of protection from cold]

   It affects your strength (+2).
   It protects you from cold.
   It protects you from negative energy.
 I - the ring of the Mage {Wiz MR++ Int+3}
   (You found it on level 2 of the Realm of Zot)

   [ring of wizardry]

   It improves your spell success rate.
   It affects your intelligence (+3).
   It affects your resistance to hostile enchantments.
 M - the amulet of Vitality {Regen+ HP+15}
   (You took it off a greater mummy on level 2 of the Depths)

   [amulet of regeneration]

   It affects your health (+15).
   It increases your rate of regeneration.
 R - a ring of flight (right hand)
 T - an uncursed ring of sustain attributes
 Y - the ring of Ugeryaru {MR+ Int+4}
   (You took it off a deep elf sorcerer on level 3 of the Elven Halls)

   [ring of protection from magic]

   It affects your intelligence (+4).
   It affects your resistance to hostile enchantments.
Wands
 b - a wand of acid (9/15)
 O - a wand of lightning (3/15)
 Q - a wand of disintegration (14/24)
 U - a wand of teleportation (2/9)
 V - a wand of heal wounds (2/9)
Scrolls
 n - 8 scrolls of recharging
 r - 27 scrolls of remove curse
 x - a scroll of brand weapon
 y - 4 scrolls of fog
 J - 2 scrolls of fear
 L - 6 scrolls of magic mapping
 N - 12 scrolls of identify
 S - 8 scrolls of enchant weapon
Potions
 a - 13 potions of heal wounds
 d - 8 potions of might
 h - 24 potions of curing
 j - 12 potions of lignification
 q - 8 potions of ambrosia
 u - 3 potions of magic
 v - 3 potions of resistance
 A - 2 potions of cancellation
 C - 6 potions of agility
 P - 7 potions of brilliance
Miscellaneous
 X - a legendary deck of changes {the Shadow, drawn: 2}
Comestibles
 l - 36 meat rations
 m - 37 bread rations
 s - 19 fruits
 G - 4 slices of pizza
 H - 8 royal jellies


   Skills:
 - Level 20.0 Fighting
 - Level 21.0 Long Blades
 O Level 27 Crossbows
 + Level 19.7 Armour
 - Level 22.0 Shields
 - Level 22.0 Invocations


You had 26 spell levels left.
You didn't know any spells.

Dungeon Overview and Level Annotations

Branches:
Dungeon (15/15)            Temple (1/1) D:4            Lair (8/8) D:8
 Shoals (4/4) Lair:5       Spider (4/4) Lair:4        Slime (4/6) Lair:6
    Orc (2/2) D:11            Elf (3/3) Orc:2        Vaults (5/5) D:14
  Crypt (3/3) Vaults:2       Tomb (0/3) Crypt:3      Depths (5/5) D:15
    Zot (4/5) Depths:5

Altars:
Ashenzari
Cheibriados
Dithmenos
Elyvilon
Fedhas
Gozag
Kikubaaqudgha
Makhleb
Nemelex Xobeh
Okawaru
Pakellas
Qazlal
Ru
Sif Muna
Trog
Vehumet
Xom
Yredelemnul
Zin
The Shining One
Beogh
Jiyva
Lugonu

Shops:
D:12 :[   Orc:2 [*(=   Elf:1 %   Vaults:3 !   Depths:3 %

Portals:
Hell: Depths:1 Depths:2 Depths:3 Depths:4 Depths:5
Abyss: Depths:4 Depths:5
Pandemonium: Depths:1 Depths:3
Ziggurat: Depths:3


Innate Abilities, Weirdness & Mutations

You are under a permanent stasis effect.
You can dig through walls and to a lower floor.
Your four strong arms can wield two-handed weapons with a shield.
You have a pair of large antennae on your head (SInv).
Your natural rate of healing is unusually fast.
Your spells are a little easier to cast, but a little less powerful.


Message History

The storm dragon breathes lightning at you.
The bolt of lightning hits you! x2
* * * LOW HITPOINT WARNING * * *
The bolt of lightning hits the storm dragon.
The storm dragon completely resists.
The bolt of lightning hits the storm dragon.
The storm dragon completely resists.
You hear a roar! x2
Okay, then.
Your shield is strengthened by the Shining One's divine power.
You are near starving!
You block the storm dragon's attack. x3
You are too injured to fight recklessly!
You hit the storm dragon but do no damage.
The storm dragon is moderately wounded.
The storm dragon breathes lightning at you.
The bolt of lightning hits you!
* * * LOW HITPOINT WARNING * * *
The bolt of lightning hits you!
You die...

#.......##?#{#.....#.#.
#### ##{#{.# #........
...ll####{#.#.# #.......#
......{.{####.#.#....#..#.
....##{#####.#.#....#..#.
....{{.{{{{.{.............
{
.....{#{#{###.####...##.#.
#######.##D##{..8....##.#.
..#@###..#.#...##...
###### #....#........
#....#######..
###############
#.............
..............#
###.#########..
..###########[#
#.............. ..# #.#
#.#.##########. ..#
#####.# #.#.###.# ## ..#
#.....#####.#.....# #


You could see a storm dragon.

Vanquished Creatures
  2 orbs of fire
  2 ancient liches (Vaults:5)
  A greater mummy (Depths:2)
  Norris (Depths:1)
  12 golden dragons
  Xtahua (Depths:4)
  A profane servitor (Crypt:1)
  Jorgrun (Vaults:4)
  An electric golem (Zot:2)
  9 liches
  9 tentacled monstrosities
  Rupert (Lair:8)
  A deep elf master archer (Elf:3)
  4 deep elf blademasters (Elf:3)
  4 quicksilver dragons
  Polyphemus (Shoals:2)
  7 titans
  11 acid blobs
  Frances (Shoals:2)
  An ancient champion (Crypt:3)
  A kraken (Shoals:4)
  5 death cobs
  7 sphinxes
  12 tengu reavers
  Roxanne (Elf:3)
  10 storm dragons
  3 revenants
  5 shadow dragons
  An azure jelly (Slime:2)
  2 draconian monks
  7 fire giants
  8 frost giants
  Maud (Orc:2)
  Wiglaf (Elf:2)
  Ilsuiw (Shoals:4)
  18 vault wardens
  9 ghost moths
  2 orc warlords
  Louise (Depths:5)
  8 deep elf sorcerers
  6 deep elf elementalists
  2 draconian zealots
  2 draconian knights
  3 draconian shifters
  2 curse skulls
  11 emperor scorpions
  2 ghouls (Crypt:1)
  2 draconian annihilators
  3 war gargoyles (Crypt:3)
  14 very ugly things
  2 draconian callers
  17 stone giants
  18 ironheart preservers
  A spriggan defender (Depths:3)
  2 grey draconians (Depths:5)
  13 vampire knights
  4 deep elf demonologists
  10 green draconians
  5 mottled draconians
  8 yellow draconians
  5 red draconians
  13 deep elf annihilators
  10 purple draconians
  4 dire elephants (Lair:8)
  3 black draconians
  7 white draconians
  2 pearl dragon zombies (Crypt:1)
  3 merfolk javelineers
  6 spark wasps
  17 ettins
  12 merfolk impalers
  4 eidola
  2 small abominations
  Snorg (Lair:5)
  9 deep elf death magi
  4 mummy priests
  18 fire dragons
  5 jiangshi
  6 deep elf high priests
  A quicksilver dragon zombie (Depths:1)
  2 crystal guardians (Vaults:4)
  34 vault guards
  25 yaktaur captains
  9 great orbs of eyes
  6 rakshasas
  An entropy weaver (shapeshifter) (Depths:4)
  14 entropy weavers
  2 quicksilver dragon skeletons
  7 death knights
  3 hydras
  A spriggan air mage (Depths:5)
  A catoblepas (Shoals:2)
  20 ice dragons
  A merfolk avatar (Shoals:3)
  3 alligator snapping turtles (Shoals:3)
  2 satyrs (Shoals:3)
  An alligator (shapeshifter) (Vaults:5)
  An alligator (Shoals:3)
  5 merfolk aquamancers
  7 centaur warriors
  15 deep troll shamans
  16 death yaks
  14 deep troll earth magi
  16 ogre magi
  9 tengu warriors
  8 vampire magi
  2 orc high priests
  3 hell hogs (Crypt:1)
  27 dancing weapons
  11 spriggan berserkers
  Urug (D:10)
  32 hell knights
  A storm dragon zombie (Crypt:2)
  A titan zombie (D:15)
  A soul eater (Crypt:3)
  A fire crab (shapeshifter) (Depths:3)
  11 deep elf knights
  23 skeletal warriors
  9 iron trolls
  A storm dragon skeleton (Crypt:1)
  3 shadow wraiths
  An iron giant skeleton (Crypt:2)
  A death drake (shapeshifter) (Depths:3)
  17 sea snakes
  3 unseen horrors
  A spark wasp zombie (Crypt:2)
  66 deep trolls
  6 giant orange brains
  18 flayed ghosts
  17 deep elf archers
  12 hill giants
  27 phantasmal warriors
  A hill giant (shapeshifter) (Vaults:2)
  A lindwurm (shapeshifter) (Elf:2)
  17 orc knights
  19 ironbrand convokers
  11 necromancers
  10 harpies
  53 ugly things
  2 tengu zombies
  21 orb spiders
  2 wizards
  5 orc sorcerers
  4 hornets
  2 harpies (shapeshifter) (Depths:4)
  2 mana vipers (shapeshifter)
  13 cyclopes
  6 manticores
  45 wolf spiders
  13 griffons
  7 fauns
  An iron dragon zombie (Crypt:3)
  2 oklob plants (Spider:3)
  A stone giant zombie (D:15)
  8 shining eyes
  20 moths of wrath
  2 moths of wrath (shapeshifter)
  A fire giant zombie (Crypt:3)
  A salamander (shapeshifter) (Vaults:4)
  63 deep elf magi
  7 water nymphs
  A sphinx skeleton (D:15)
  16 elephants
  6 black mambas
  A frost giant skeleton (Crypt:3)
  A guardian serpent (shapeshifter) (Vaults:2)
  12 sirens
  4 apis skeletons
  5 centaur zombies
  A black mamba (shapeshifter) (Elf:2)
  3 human skeletons (Vaults:2)
  A stone giant skeleton (Depths:1)
  An elf zombie (D:15)
  19 vault sentinels
  6 gargoyles
  A fire giant skeleton (Depths:1)
  3 torpor snails
  4 eyes of devastation
  4 smoke demons (Crypt:3)
  18 spiny frogs
  5 orange demons (D:11)
  An efreet (D:14)
  10 freezing wraiths
  9 komodo dragons
  3 rime drakes
  11 demonic crawlers
  56 yaktaurs
  4 tengu conjurers
  A kobold demonologist (Vaults:1)
  2 dire elephant skeletons
  2 guardian mummies (Depths:2)
  5 red devils
  A spectral harpy (Crypt:2)
  2 queen bees (shapeshifter)
  10 trolls
  A troll (shapeshifter) (Vaults:2)
  A polar bear (shapeshifter) (Depths:2)
  2 wind drakes
  23 jumping spiders
  28 merfolk
  2 tengu simulacra
  A polar bear (Lair:2)
  29 two-headed ogres
  24 blink frogs
  An alligator zombie (Crypt:2)
  A griffon zombie (Crypt:1)
  2 fire giant simulacra
  135 slime creatures
  A snapping turtle (shapeshifter) (Vaults:5)
  9 snapping turtles
  A wind drake (shapeshifter) (Depths:2)
  2 ice dragon zombies
  2 frost giant simulacra
  3 boulder beetles
  A boulder beetle (shapeshifter) (Depths:5)
  11 flying skulls (Crypt:1)
  2 ettin skeletons
  102 redbacks
  9 wraiths
  A fire dragon skeleton (Crypt:2)
  An air elemental (Elf:1)
  8 vampires (Crypt:3)
  5 spriggans
  7 shadows
  32 tarantellas
  25 water elementals
  6 wyverns
  A fire elemental (Elf:2)
  2 yaks (shapeshifter)
  7 basilisks
  A golden eye (Slime:2)
  2 golden eyes (shapeshifter)
  35 yaks
  2 hippogriffs (shapeshifter)
  17 vampire mosquitoes
  2 steam dragons
  5 hungry ghosts
  A human (D:11)
  23 hippogriffs
  Edmund (D:5)
  3 mottled dragons (Depths:5)
  A yaktaur simulacrum (Vaults:4)
  11 wargs
  18 water moccasins
  10 hell hounds (Depths:1)
  13 porcupines
  A giant eyeball (Depths:3)
  6 sky beasts
  3 black bears
  5 ice beasts
  A putrid demonspawn skeleton (Crypt:2)
  48 orc warriors
  11 eyes of draining
  7 phantoms
  3 necrophages
  5 wasps
  An ettin simulacrum (Vaults:2)
  An elf skeleton (Vaults:4)
  An anubis guard skeleton (Crypt:1)
  70 ogres
  26 boggarts
  23 wolves
  21 centaurs
  22 crocodiles
  A big kobold (D:14)
  16 giant frogs
  2 human zombies
  Blork the orc (Orc:2)
  A draconian skeleton (Crypt:1)
  3 wyvern zombies
  A hell hound skeleton (Crypt:2)
  2 earth elementals
  A water moccasin zombie (D:7)
  2 wyvern skeletons
  4 scorpions
  A cyclops skeleton (Crypt:1)
  27 jellies
  12 killer bees
  5 electric eels
  20 wights
  5 howler monkeys
  10 crimson imps
  A wasp zombie (D:13)
  2 giant frog zombies
  7 hounds
  4 giant frog skeletons
  28 orc priests
  20 orc wizards
  3 centaur skeletons
  9 iguanas
  15 worker ants
  A killer bee zombie (D:7)
  22 sheep
  A big kobold skeleton (Crypt:2)
  A tengu skeleton (Crypt:2)
  A hound zombie (D:5)
  2 mummies (Depths:2)
  A howler monkey zombie (D:5)
  3 worker ant zombies
  21 gnolls
  13 adders
  92 river rats
  A scorpion zombie (Crypt:2)
  2 shadow imps
  An adder skeleton (D:9)
  A worm (shapeshifter) (Vaults:3)
  4 worms
  4 dart slugs
  7 giant geckos
  105 orcs
  A ball python (D:1)
  4 giant cockroaches
  8 goblins
  15 hobgoblins
  11 jackals
  5 quokkas
  17 bats
  A giant gecko skeleton (D:7)
  5 giant newts
  A jackal skeleton (D:4)
  21 kobolds
  41 rats
  3 crawling corpses
  3 fungi
  6 lost souls
  25 plants
  3 tentacles (Shoals:4)
3065 creatures vanquished.

Vanquished Creatures (collateral kills)
  A siren (Shoals:2)
1 creature vanquished.

Vanquished Creatures (others)
  A deep elf master archer (Elf:3)
  A draconian monk (Zot:1)
  A vault warden (Vaults:1)
  A very ugly thing (Depths:3)
  4 stone giants
  A deep elf annihilator (Vaults:5)
  2 red draconians (Zot:1)
  A vault guard (Vaults:1)
  3 merfolk javelineers (Shoals:4)
  6 yaktaur captains
  2 hydras
  7 centaur warriors
  An anaconda (Lair:8)
  A hell hog (Depths:1)
  An ironbrand convoker (Vaults:1)
  An orc knight (Vaults:3)
  3 cyclopes
  A black mamba (Lair:1)
  2 fauns
  A vault sentinel (Vaults:1)
  An elephant (Lair:5)
  19 yaktaurs
  A redback (Spider:3)
  2 yaks (Lair:5)
  A wasp (Depths:5)
  2 boggarts (Vaults:1)
  3 centaurs
  An electric eel (D:14)
  A jelly (Slime:2)
  An orc priest (Vaults:4)
  5 river rats (Lair:2)
  4 orcs
  A hobgoblin (Bailey)
  A quokka (D:7)
  27 fungi
  7 lost souls
  89 plants
  3 tentacles (Shoals:4)
  370 tentacle segments (Shoals:4)
  18 withered plants
598 creatures vanquished.

Grand Total: 3664 creatures vanquished

Notes
Turn   | Place    | Note
--------------------------------------------------------------
     0 | D:1      | Murumi the Formicid Fighter began the quest for the Orb.
     0 | D:1      | Reached XP level 1. HP: 18/18 MP: 1/1
   236 | D:1      | Reached XP level 2. HP: 24/24 MP: 2/2
   579 | D:2      | Found a snail-covered altar of Cheibriados.
   581 | D:2      | Found a shattered altar of Ashenzari.
   620 | D:2      | Reached XP level 3. HP: 13/29 MP: 3/3
  1045 | D:2      | Found a sparkling altar of Nemelex Xobeh.
  1217 | D:2      | Reached XP level 4. HP: 22/35 MP: 4/4
  1878 | D:3      | Reached skill level 5 in Shields
  2173 | D:3      | Reached XP level 5. HP: 17/41 MP: 5/5
  3358 | D:4      | Reached XP level 6. HP: 44/47 MP: 6/6
  3407 | D:4      | Noticed a phantom
  3441 | D:4      | Killed a phantom
  3467 | D:4      | Found a staircase to the Ecumenical Temple.
  3477 | Temple   | Entered the Ecumenical Temple
  3803 | D:5      | Entered Level 5 of the Dungeon
  3987 | D:5      | Noticed a sky beast
  4003 | D:5      | Killed a sky beast
  4003 | D:5      | Reached XP level 7. HP: 23/52 MP: 7/7
  4623 | D:5      | Reached skill level 5 in Long Blades
  4718 | D:5      | Reached XP level 8. HP: 34/58 MP: 8/8
  4856 | D:5      | Noticed Edmund
  4881 | D:5      | Killed Edmund
  5085 | D:5      | Noticed a wyvern
  5095 | D:5      | Killed a wyvern
  6211 | D:6      | Reached XP level 9. HP: 50/66 MP: 9/9
  6464 | D:6      | Reached skill level 5 in Fighting
  6715 | D:6      | Reached skill level 5 in Armour
  8263 | D:7      | Found a white marble altar of Elyvilon.
  8271 | D:7      | Became a worshipper of Elyvilon the Healer
  8339 | D:7      | Reached skill level 1 in Invocations
  8339 | D:7      | Reached XP level 10. HP: 54/76 MP: 9/11
  9094 | D:7      | Reached skill level 5 in Invocations
 10166 | D:8      | Found a staircase to the Lair.
 10357 | D:8      | Found an ancient bone altar of Kikubaaqudgha.
 10516 | D:8      | Found a burning altar of Makhleb.
 10518 | D:8      | Noticed a cacodemon
 10520 | D:8      | Found a glowing silver altar of Zin.
 10520 | D:8      | Noticed an angel
 10523 | D:8      | Reached * piety under Elyvilon
 11527 | D:10     | Entered Level 10 of the Dungeon
 11527 | D:10     | Noticed a hill giant
 11650 | D:10     | Reached skill level 10 in Shields
 11674 | D:10     | Reached skill level 1 in Crossbows
 11674 | D:10     | Reached XP level 11. HP: 76/84 MP: 17/17
 11702 | D:10     | Noticed a hill giant
 11716 | D:10     | Killed a hill giant
 11716 | D:10     | Reached skill level 3 in Crossbows
 11720 | D:10     | Reached skill level 4 in Crossbows
 11986 | D:10     | Killed a hill giant
 12300 | D:10     | Noticed Urug
 12320 | D:10     | Killed Urug
 12320 | D:10     | Reached skill level 5 in Crossbows
 13038 | D:10     | Noticed a hill giant
 13048 | D:10     | Killed a hill giant
 13489 | D:11     | Found a staircase to the Orcish Mines.
 13735 | D:11     | Noticed a hill giant
 13746 | D:11     | Killed a hill giant
 13787 | D:11     | Reached ** piety under Elyvilon
 13883 | D:11     | Reached skill level 10 in Long Blades
 13923 | D:11     | Reached XP level 12. HP: 71/91 MP: 18/18
 14328 | Orc:1    | Entered Level 1 of the Orcish Mines
 14879 | Orc:1    | Reached skill level 6 in Crossbows
 15685 | Lair:1   | Entered Level 1 of the Lair of Beasts
 15753 | Lair:1   | Noticed an eight-headed hydra
 15754 | Lair:1   | Pacified an eight-headed hydra
 16099 | Lair:1   | Found a radiant altar of Vehumet.
 16681 | Lair:1   | Reached *** piety under Elyvilon
 16956 | Lair:1   | Reached XP level 13. HP: 85/98 MP: 20/20
 17363 | Lair:2   | Noticed a seven-headed hydra
 17364 | Lair:2   | Pacified a seven-headed hydra
 17594 | Lair:2   | Noticed a five-headed hydra
 17595 | Lair:2   | Pacified a five-headed hydra
 18629 | Lair:3   | Reached **** piety under Elyvilon
 18948 | Lair:3   | Reached skill level 7 in Crossbows
 19833 | Lair:4   | Reached skill level 15 in Shields
 20109 | Lair:4   | Found a hole to the Spider Nest.
 20389 | Lair:4   | Reached skill level 8 in Crossbows
 20831 | Lair:5   | Noticed Snorg
 20834 | Lair:5   | Noticed a seven-headed hydra
 20843 | Lair:5   | Pacified a seven-headed hydra
 20847 | Lair:5   | Killed a seven-headed hydra
 20864 | Lair:5   | Reached skill level 9 in Crossbows
 20889 | Lair:5   | Killed Snorg
 21181 | Lair:5   | Reached skill level 10 in Crossbows
 21200 | Lair:5   | Reached XP level 14. HP: 87/105 MP: 21/21
 21769 | Lair:5   | Reached skill level 11 in Crossbows
 21903 | Lair:5   | Found a staircase to the Shoals.
 22292 | Lair:5   | Reached ***** piety under Elyvilon
 22702 | Lair:6   | Found a viscous altar of Jiyva.
 22702 | Lair:6   | Found a staircase to the Slime Pits.
 22807 | Lair:6   | Got a warped cloak
 22808 | Lair:6   | Identified the +1 cloak of Dogma {MR+ MP+9} (You found it on level 6 of the Lair of Beasts)
 24158 | Lair:7   | Found a shimmering altar of Xom.
 24200 | Lair:7   | Reached skill level 12 in Crossbows
 24208 | Lair:7   | Got a fine great sword
 24209 | Lair:7   | Identified the +6 great sword of Fedhas's Hatred {freeze, MR+} (You found it on level 7 of the Lair of Beasts)
 25636 | Lair:8   | Entered Level 8 of the Lair of Beasts
 25659 | Lair:7   | Reached skill level 10 in Invocations
 25734 | Lair:8   | Reached XP level 15. HP: 113/113 MP: 22/22
 26316 | Lair:8   | Reached skill level 13 in Crossbows
 26367 | Lair:8   | Noticed Rupert
 26406 | Lair:8   | Killed Rupert
 27143 | Lair:8   | Reached skill level 10 in Fighting
 27653 | Lair:8   | Reached skill level 10 in Armour
 28022 | Orc:2    | Entered Level 2 of the Orcish Mines
 28165 | Orc:2    | Noticed Maud
 28179 | Orc:2    | Killed Maud
 28295 | Orc:2    | Noticed an orc warlord
 28349 | Orc:2    | Noticed Blork the orc
 28363 | Orc:2    | Killed Blork the orc
 28392 | Orc:2    | Killed an orc warlord
 28513 | Orc:2    | Reached XP level 16. HP: 72/122 MP: 24/24
 28603 | Orc:2    | Found a roughly hewn altar of Beogh.
 28858 | Orc:2    | Found Leesmonovo's Antique Weapon Shoppe.
 28881 | Orc:2    | Found Syupun's Antique Armour Shoppe.
 28902 | Orc:2    | Found Tilaqah's General Store.
 28908 | Orc:2    | Found Vestriomm's Jewellery Shoppe.
 28943 | Orc:2    | Bought a pair of glowing gloves for 130 gold pieces
 28971 | Orc:2    | Bought a glowing triple crossbow for 220 gold pieces
 28989 | Orc:2    | Bought the ring "Gofau" {AC+3 Dex+10} for 686 gold pieces
 28989 | Orc:2    | Bought the ring "Niselaism" {rC+ rN+ Str+2} for 565 gold pieces
 29168 | Orc:2    | Found a staircase to the Elven Halls.
 29560 | D:12     | Found Juaps's Book Shoppe.
 29597 | D:12     | Found Ihalo's Armour Shop.
 30029 | D:12     | Found a snail-covered altar of Cheibriados.
 30130 | D:12     | Reached ****** piety under Elyvilon
 31057 | D:14     | Found a flagged portal.
 31069 | Bailey   | Entered a bailey
 31217 | Bailey   | Gained mutation: Your system is resistant to poisons. [potion of beneficial mutation]
 31218 | Bailey   | Gained mutation: You are partially covered in iridescent scales (AC +4). [potion of beneficial mutation]
 32007 | D:14     | Reached skill level 14 in Crossbows
 32016 | D:14     | Found a gate to the Vaults.
 32146 | D:15     | Entered Level 15 of the Dungeon
 32540 | D:15     | Found a staircase to the Depths.
 32783 | D:15     | Reached skill level 15 in Long Blades
 33538 | Spider:1 | Entered Level 1 of the Spider Nest
 33876 | Spider:1 | Reached XP level 17. HP: 122/128 MP: 25/25
 33911 | Spider:1 | Reached skill level 15 in Crossbows
 37094 | Spider:3 | Reached XP level 18. HP: 123/138 MP: 27/27
 37417 | Spider:4 | Entered Level 4 of the Spider Nest
 37479 | Spider:4 | Reached skill level 16 in Crossbows
 39283 | Spider:4 | Got a gossamer rune of Zot
 39623 | Orc:2    | Bought an uncursed ring of flight for 245 gold pieces
 39843 | Shoals:1 | Entered Level 1 of the Shoals
 40585 | Shoals:2 | Noticed Polyphemus
 40599 | Shoals:2 | Killed Polyphemus
 40599 | Shoals:2 | Reached skill level 17 in Crossbows
 40599 | Shoals:2 | Reached XP level 19. HP: 141/143 MP: 28/28
 40877 | Shoals:2 | Noticed Frances
 40883 | Shoals:2 | Killed Frances
 42325 | Shoals:4 | Entered Level 4 of the Shoals
 42371 | Shoals:4 | Noticed Ilsuiw
 42897 | Shoals:4 | Killed Ilsuiw
 43489 | Shoals:4 | Got a barnacled rune of Zot
 43770 | Shoals:4 | Reached XP level 20. HP: 59/153 MP: 30/30
 44469 | Shoals:4 | Got a heavily runed tin ring
 44918 | Elf:1    | Entered Level 1 of the Elven Halls
 45227 | Elf:1    | Reached skill level 18 in Crossbows
 45777 | Elf:1    | Identified the ring "Jyvukopn" {Str+3 Dex+4 Slay+3 SInv} (You took it off a merfolk impaler on level 4 of the Shoals)
 45941 | Elf:1    | Identified the Collected Works on Confrontation
 46140 | Elf:1    | Found Plog's Food Boutique.
 46896 | Elf:2    | Found a huge runed gate.
 46896 | Elf:2    | Found a huge runed gate.
 46898 | Elf:2    | Found a huge runed gate.
 46899 | Elf:2    | Found a huge runed gate.
 46902 | Elf:2    | Found a huge runed gate.
 47477 | Elf:2    | Noticed Wiglaf
 47487 | Elf:2    | Killed Wiglaf
 47556 | Elf:2    | Reached skill level 15 in Invocations
 47870 | Elf:2    | Reached XP level 21. HP: 141/162 MP: 32/32
 48365 | Vaults:1 | Entered Level 1 of the Vaults
 49027 | Vaults:1 | Found a flickering gateway to a bazaar.
 49039 | Bazaar   | Entered a bazaar
 49053 | Bazaar   | Found Wagir's Weapon Emporium.
 49068 | Bazaar   | Found Duocop's Food Shoppe.
 49096 | Bazaar   | Found Neaperal's Armour Shoppe.
 49971 | Vaults:1 | Reached skill level 19 in Crossbows
 51599 | Vaults:2 | Reached XP level 22. HP: 172/172 MP: 33/33
 51892 | Vaults:2 | Gained mutation: You are agile. (Dex +2) [helix card]
 52060 | Vaults:2 | Found a staircase to the Crypt.
 53593 | Vaults:3 | Reached skill level 20 in Crossbows
 53671 | Vaults:3 | Reached XP level 23. HP: 149/179 MP: 35/35
 53688 | Vaults:3 | Reached skill level 15 in Fighting
 53829 | Vaults:3 | Got a scintillating bone amulet
 53830 | Vaults:3 | Identified the amulet "Wiuhun" {RegenMP +Blink Int+3} (You found it on level 3 of the Vaults)
 54041 | Vaults:3 | Found Uwkoeh's Distillery.
 54055 | Vaults:3 | Bought a potion of agility for 72 gold pieces
 54835 | Vaults:4 | Reached skill level 15 in Armour
 55301 | Vaults:4 | Noticed Jorgrun
 55309 | Vaults:4 | Killed Jorgrun
 55472 | Vaults:4 | Found a portal to a secret trove of treasure.
 56318 | Vaults:4 | You paid a toll of a book of the Dragon to enter a treasure trove
 56319 | Trove    | Entered a treasure trove
 56340 | Trove    | Got a warped wooden ring
 56341 | Trove    | Identified the ring "Ysuegich" {Fire Dex+4 Slay+2} (You found it in a treasure trove)
 56343 | Trove    | Got a translucent pewter amulet
 56344 | Trove    | Identified the amulet of Free Will {Spirit rC- Int+6 SInv} (You found it in a treasure trove)
 56354 | Trove    | Got a flickering emerald amulet
 56356 | Trove    | Got a smoking silver ring
 56374 | Trove    | Got a warped lead ring
 56766 | Orc:2    | Bought a scroll of identify for 28 gold pieces
 56766 | Orc:2    | Identified the amulet "Rik Sur" {Faith +Inv MR+ Int+4} (You found it in a treasure trove)
 56999 | Depths:1 | Entered Level 1 of the Depths
 57397 | Depths:1 | Found a gateway to Hell.
 57596 | Depths:1 | Found a corrupted altar of Lugonu.
 57737 | Depths:1 | Noticed Norris
 57744 | Depths:1 | Killed Norris
 57863 | Depths:1 | Reached XP level 24. HP: 188/188 MP: 35/35
 58032 | Depths:1 | Found a one-way gate leading to the halls of Pandemonium.
 58047 | Depths:1 | Identified the ring "Okhloh" {Fire Dex+3} (You found it in a treasure trove)
 58049 | Depths:1 | Identified a scroll of acquirement
 58466 | Depths:2 | Reached skill level 21 in Crossbows
 59253 | Depths:2 | Noticed a greater mummy
 59318 | Depths:2 | Killed a greater mummy
 60096 | Depths:2 | Found a shimmering altar of Xom.
 60611 | Depths:3 | Found a gateway to a ziggurat.
 60821 | Depths:3 | Found Fenow's Food Shoppe.
 61769 | Depths:3 | Reached XP level 25. HP: 191/197 MP: 36/36
 62321 | Depths:3 | Identified the ring "Eqixaib" {*Contam rPois MP+9 Int+5 Stlth+} (You found it in a treasure trove)
 63048 | Depths:4 | Reached skill level 22 in Crossbows
 63399 | Depths:4 | Found a one-way gate to the infinite horrors of the Abyss.
 63933 | Depths:4 | Reached skill level 23 in Crossbows
 64144 | Depths:4 | Reached XP level 26. HP: 161/206 MP: 36/36
 64285 | Depths:4 | Noticed Xtahua
 64311 | Depths:4 | Killed Xtahua
 64881 | Depths:5 | Entered Level 5 of the Depths
 65672 | Depths:5 | Found a shattered altar of Ashenzari.
 66100 | Depths:5 | Noticed Louise
 66108 | Depths:5 | Killed Louise
 66887 | Depths:5 | Found a gate to the Realm of Zot.
 67473 | Slime:1  | Entered Level 1 of the Pits of Slime
 67620 | Slime:1  | Lost mutation: You are agile. (Dex +2) [a shining eye]
 67918 | Slime:2  | Reached XP level 27. HP: 209/217 MP: 18/36
 68405 | Slime:3  | Gained mutation: You are clumsy. (Dex -2) [a shining eye]
 68406 | Slime:3  | Gained mutation: Scrolls take you a little longer to read. [a shining eye]
 69254 | Slime:1  | Gained mutation: Armour fits poorly on your strangely shaped body. [a shining eye]
 69256 | Slime:1  | Gained mutation: Your spells are a little easier to cast, but a little less powerful. [a shining eye]
 71082 | Orc:2    | Bought a potion of cure mutation for 350 gold pieces
 71082 | Orc:2    | Lost mutation: Armour fits poorly on your strangely shaped body. [potion of cure mutation]
 71082 | Orc:2    | Lost mutation: Scrolls take you a little longer to read. [potion of cure mutation]
 71082 | Orc:2    | Lost mutation: You are partially covered in iridescent scales (AC +4). [potion of cure mutation]
 71082 | Orc:2    | Lost mutation: You are clumsy. (Dex -2) [potion of cure mutation]
 71082 | Orc:2    | Lost mutation: Your system is resistant to poisons. [potion of cure mutation]
 71147 | Elf:3    | Entered Level 3 of the Elven Halls
 71320 | Elf:3    | Noticed Roxanne
 71330 | Elf:3    | Killed Roxanne
 71334 | Elf:3    | Identified Roxanne's Volume of Earth (You took it off Roxanne on level 3 of the Elven Halls)
 72197 | Elf:3    | Got a crude golden amulet
 72198 | Elf:3    | Identified the amulet "Zokhlidi" {Faith MR+ Str+2 Int+2} (You took it off a deep elf death mage on level 3 of the Elven Halls)
 72564 | Elf:3    | Got a flickering silver ring
 72705 | Elf:3    | Identified the ring of Ugeryaru {MR+ Int+4} (You took it off a deep elf sorcerer on level 3 of the Elven Halls)
 72707 | Elf:3    | Identified the Tome of Ensnaring Poison (You found it on level 3 of the Elven Halls)
 72718 | Elf:3    | Identified the Reference Book on Flames
 73347 | Vaults:5 | Entered Level 5 of the Vaults
 74616 | Vaults:4 | Reached skill level 24 in Crossbows
 76496 | Vaults:5 | Noticed an ancient lich
 76522 | Vaults:5 | Killed an ancient lich
 77057 | Vaults:5 | Reached skill level 25 in Crossbows
 77074 | Vaults:5 | Noticed an ancient lich
 77090 | Vaults:5 | Killed an ancient lich
 77411 | Vaults:5 | Got a spiked cloak
 77412 | Vaults:5 | Identified the cursed +0 cloak of the Tuna {MR+ MP+9} (You found it on level 5 of the Vaults)
 77988 | Vaults:5 | Got a silver rune of Zot
 78342 | D:12     | Bought a manual of Crossbows for 1435 gold pieces
 78502 | Temple   | Fell from the grace of Elyvilon
 78502 | Temple   | Became a worshipper of the Shining One
 78502 | Temple   | Reached * piety under the Shining One
 78502 | Temple   | Reached ** piety under the Shining One
 78502 | Temple   | Reached *** piety under the Shining One
 78896 | Crypt:1  | Entered Level 1 of the Crypt
 78906 | Crypt:1  | Reached **** piety under the Shining One
 79198 | Crypt:1  | Reached ***** piety under the Shining One
 79255 | Crypt:1  | Found a basalt altar of Yredelemnul.
 79567 | Crypt:1  | Reached ****** piety under the Shining One
 79733 | Crypt:1  | Reached skill level 26 in Crossbows
 80892 | Crypt:3  | Entered Level 3 of the Crypt
 81233 | Crypt:3  | Reached skill level 27 in Crossbows
 81322 | Crypt:3  | Found a staircase to the Tomb.
 81430 | Crypt:3  | Got a glittering iron amulet
 81431 | Crypt:3  | Identified the amulet "Remm" {RegenMP rC+} (You took it off a vampire on level 3 of the Crypt)
 82099 | Crypt:3  | Found an ancient bone altar of Kikubaaqudgha.
 83126 | Zot:1    | Entered Level 1 of the Realm of Zot
 83657 | Zot:1    | Noticed an orb of fire
 83660 | Zot:1    | Killed an orb of fire
 87296 | Zot:4    | Noticed an orb of fire
 87305 | Zot:4    | Gained mutation: Your natural rate of healing is unusually fast. [an orb of fire]
 87313 | Zot:4    | Killed an orb of fire
 87326 | Zot:4    | HP: 9/224 [storm dragon/bolt of lightning (32)]
 87326 | Zot:4    | Killed from afar by a storm dragon

Vault maps used:
D:1:      lemuel_arrival_hallway
D:2:      grunt_temple_overflow_open, nemelex_xobeh_ov_fountains_minmay
D:3:      grunt_ministairs_6
D:4:      minmay_temple_entry_trees, first_bread, serial_park_tiny_2
D:5:      uniq_edmund
D:6:      lemuel_ratsnest, serial_glass, glass_columns_a, glass_columns_c,
          glass_columns_c, glass_columns_a, due_unseen_surprise
D:7:      elyvilon_altar_4, grunt_ministairs_13
D:8:      grunt_temple_overflow_order_and_chaos_2, lemuel_crystal_altar,
          grunt_lair_entry_orc_guard_hut
D:10:     wad_woods_structure_01, uniq_urug
D:11:     minmay_orc_entry_guard_dogs, grunt_livestock,
          minmay_beelzebubs_servants
D:12:     serial_shops, shop, shop, cheibriados_altar_1
D:14:     david_vaults_5, lightli_bailey_entry_fortress
D:15:     gammafunk_depths_entry_grave, wad_floor_pattern_untrapped
Temple:   nicolae_temple_god_jail
Lair:1:   basic_altar, grunt_megastairs_1
Lair:2:   st_stairs_7, grunt_megastairs_5
Lair:3:   serial_bayou_pond_e, wad_woods_road_01, nicolae_quartered_pool_little,
          kennysheep_basilisk_garden, bh_autumn_forest_stairs, lemuel_fruit_tree
Lair:4:   nicolae_spider_entry_orb_guardian, serial_bayou_shore_b
Lair:5:   minmay_shoals_entry_centaurs, grunt_megastairs_2, uniq_snorg
Lair:6:   slime_altar_1, grunt_megastairs_3
Lair:7:   basic_altar, serial_forest, infiniplex_forest_clump_cross,
          infiniplex_forest_end_2, infiniplex_forest_lined_corner,
          infiniplex_forest_end_2, infiniplex_forest_lined_corner,
          nicolae_quartered_pool_medium
Lair:8:   due_jungle_book, serial_bayou_shore_b, wad_woods_river_01, uniq_rupert
Shoals:2: uniq_frances, uniq_polyphemus
Shoals:3: nicolae_shoals_siren_and_animal_friends
Shoals:4: shoals_end_grunt_ice, shoals_ilsuiw_ice
Spider:3: spider_temple_joshua, nicolae_orb_stairs, nicolae_spider_cling_halls
Spider:4: grunt_spider_rune_circles
Slime:2:  nicolae_slime_round_cave
Slime:3:  nicolae_slime_barrier
Slime:4:  nicolae_slime_welcoming_committee
Orc:1:    sword_in_stone
Orc:2:    grunt_orc_cross, uniq_maud
Elf:1:    elf_arrival_001, serial_shops, shop, minmay_elf_annihilation,
          hangedman_elf_disciples
Elf:2:    uniq_wiglaf
Elf:3:    minmay_elf_hall_circle, uniq_roxanne
Vaults:1: grunt_vaults_diagonal, ontoclasm_vaults_hangar, v_rooms_3,
          vaults_mumra_minichess_inversion, v_alt_pattern_6,
          ontoclasm_vaults_gateway, hangedman_vaults_snaps, vaults_dpeg_ring,
          vaults_room_grunt_arrival_ludios, serial_shops, bzr_firewalk
Vaults:2: hangedman_vaults_trim, minmay_crypt_entry_simple_walls,
          hangedman_vaults_stretched_pinwheel,
          nicolae_vaults_windows_and_doors_thing, v_alt_pattern_2, v_misc_12,
          grunt_vaults_hallway_short, nicolae_vaults_halls_meeting,
          nicolae_vaults_diagonal_hallway_6, grunt_vaults_funnel, v_misc_27,
          v_misc_15, nicolae_vaults_little_squares_6
Vaults:3: hangedman_vaults_corner, v_alt_pattern_3, v_misc_22, v_rooms_4,
          v_misc_29, ontoclasm_vaults_twist, hangedman_vaults_cutoff,
          nicolae_vaults_circle_grid_a, st_quartered_hall,
          vaults_room_semicircle, vaults_room_semicircle, v_misc_12,
          vaults_room_semicircle, ontoclasm_vaults_eye, v_misc_25, serial_shops,
          nicolae_shop_stone
Vaults:4: v_misc_5, hangedman_vaults_nodes, ontoclasm_vaults_pinch, v_misc_1,
          vaults_room_door_ring, ontoclasm_vaults_chip,
          nicolae_vaults_little_squares_4, v_alt_pattern_3,
          hangedman_vaults_slither, dpeg_vaults_monster_box, vaults_room_pool,
          vaults_room_semicircle, vaults_dpeg_diagonal, vaults_dpeg_cross,
          nicolae_vaults_little_ls, nicolae_trove_entry_free_sample,
          uniq_jorgrun
Crypt:1:  hangedman_blasphemy
Crypt:2:  hangedman_weighted_door
Crypt:3:  quadcrypt_mu
Depths:1: pan_entry, grunt_hell_horde, glass_columns_b, tgw_lugonu_bribe,
          kennysheep_random_hallway, uniq_norris
Depths:2: ragdoll_tomb_raider, basic_altar, hell_entry, serial_bayou_shore_b
Depths:3: minmay_outward_triangles, enter_ziggurat_c, pan_entry, hell_entry,
          serial_shops, nicolae_shop_behind_doors, grunt_decor_resistance,
          lemuel_flame_loot_1, serial_bayou_shore_a,
          infiniplex_staircase_zigzag_2
Depths:4: hangedman_grunt_twisty_little_passages, roderic_filled_cross,
          abyss_entry, hell_entry, minmay_misc_feat_roman,
          infiniplex_staircase_zigzag_3, uniq_xtahua
Depths:5: evilmike_zot_entry_gauntlet, hell_entry,
          nicolae_abyss_entry_one_way_or_another, st_stairs_13,
          serial_bayou_lagoon_a, nicolae_ashenzari_panopticon
Zot:1:    grunt_zot_stairs_mandelzot
Zot:3:    lemuel_elevator
Zot:4:    basic_stair_grate_trap
Bazaar:   bazaar_long_row
Trove:    trove_jewel_2
Bailey:   bailey_axe_2, bailey

Skill      XL: |  1  2  3  4  5  6  7  8  9 10 11 12 13 14 15 16 17 18 19 20 21 22 23 24 25 26 27 |
---------------+----------------------------------------------------------------------------------+-----
Shields        | 4 5 6 8 9 10 12 13 15 16 17 18 19 22 | 22.0
Long Blades    | 3 4 5 7 9 10 11 12 13 15 16 17 18 19 21 | 21.0
Fighting       | 4 6 7 8 9 10 11 12 13 14 15 16 18 20 | 20.0
Armour         | 4 6 7 8 9 10 11 12 13 14 15 16 17 19 | 19.7
Invocations    | 1 8 9 10 11 12 13 14 15 16 17 18 19 22 | 22.0
Crossbows      | 1 5 6 10 12 13 14 15 17 18 19 20 21 23 27 | 27.0

Action                   |  1- 3 |  4- 6 |  7- 9 | 10-12 | 13-15 | 16-18 | 19-21 | 22-24 | 25-27 || total
-------------------------+-------+-------+-------+-------+-------+-------+-------+-------+-------++-------
Melee: Long sword        |   111 |   181 |   240 |       |       |       |       |       |       ||   532
       Scimitar          |       |       |   238 |   912 |       |       |       |       |       ||  1150
       Great sword       |       |       |       |   700 |  1508 |  1122 |  1006 |   768 |  1633 ||  6737
 Fire: Arbalest          |       |       |       |       |   177 |    32 |       |       |       ||   209
       Triple crossbow   |       |       |       |       |       |   459 |   390 |   506 |  1333 ||  2688
Invok: Lesser Healing    |       |       |       |     3 |    11 |       |       |       |     1 ||    15
       Heal Other        |       |       |       |     1 |    17 |     1 |       |       |       ||    19
       Greater Healing   |       |       |       |       |     1 |     1 |    26 |     4 |     3 ||    35
       Divine Shield     |       |       |       |       |       |       |       |       |     1 ||     1
       Divine Vigour     |       |       |       |       |       |       |       |       |     1 ||     1
 Abil: Dig               |     1 |     2 |     7 |    13 |    14 |    25 |     6 |     6 |     9 ||    83
       Evoke Flight      |       |       |       |       |       |     1 |    14 |       |     1 ||    16
Evoke: Wand              |       |       |       |     2 |       |       |       |       |       ||     2
       Deck              |       |       |       |       |       |       |     1 |     1 |       ||     2
  Use: Scroll            |     6 |     6 |     7 |     7 |     8 |    14 |     6 |    13 |    24 ||    91
       Potion            |       |     1 |     2 |     1 |     4 |     3 |     1 |       |     4 ||    16
 Stab: Invisible         |       |       |     1 |       |     2 |       |       |       |       ||     3
       Distracted        |       |       |       |       |     1 |     1 |       |     2 |       ||     4
       Petrifying        |       |       |       |       |       |       |     3 |       |       ||     3
       Petrified         |       |       |       |       |       |       |     3 |       |       ||     3
       Fleeing           |       |       |       |       |       |       |     2 |       |       ||     2
  Eat: Chunk             |     1 |     9 |    12 |    34 |    48 |    38 |    42 |    31 |    61 ||   276
       Beef jerky        |       |       |     1 |       |       |     3 |       |     2 |     6 ||    12
       Pizza             |       |       |     1 |       |     1 |       |       |       |     9 ||    11
       Fruit             |       |       |       |       |     1 |       |     8 |       |       ||     9
Armor: Scale mail        |    48 |    38 |     5 |       |       |       |       |       |       ||    91
       Chain mail        |       |       |    49 |       |       |       |       |       |       ||    49
       Plate armour      |       |       |   107 |   454 |   361 |   429 |   343 |   150 |    50 ||  1894
       Crystal plate arm |       |       |       |       |       |       |       |       |   208 ||   208
       Gold dragon armou |       |       |       |       |       |       |       |       |   309 ||   309
Dodge: Dodged            |    51 |    45 |   109 |   192 |   200 |   206 |   140 |    62 |   165 ||  1170
Block: Shield            |    55 |    91 |   229 |   185 |       |       |       |       |       ||   560
       Large shield      |       |       |       |   831 |  1560 |  1493 |  1097 |   698 |  1805 ||  7484
       Reflection        |       |       |       |       |     9 |    49 |   150 |   138 |   160 ||   506
